 Dungeon Crawl Stone Soup version 0.31-a0-840-g6d2ecbb638 (webtiles) character file.

Game seed: 14430423987961556681

55997 EiAlmux the Eclecticist (level 14, -12/82 HPs)
             Began as a Deep Elf Conjurer on Sept 27, 2023.
             Was a High Priest of Vehumet.
             Mangled by a spriggan rider
             ... wielding a +0 spear
              (23 damage)
             ... on level 1 of the Swamp.
             The game lasted 01:45:24 (26278 turns).

EiAlmux the Eclecticist (Deep Elf Conjurer)        Turns: 26278, Time: 01:45:25

Health: -12/82     AC: 15    Str:  6    XL:     14   Next: 40%
Magic:  10/35      EV: 13    Int: 33    God:    Vehumet [*****.]
Gold:   756        SH:  9    Dex: 13    Spells: 10/44 levels left

rFire   . . .        t - +5 trident of Laovviut {elec, Str+3}
rCold   + . .        n - +3 buckler
rNeg    . . .        F - +0 acid dragon scales
rPois   +            C - +0 helmet
rElec   +            j - +1 cloak {rC+}
rCorr   +            d - +0 pair of gloves
SInv    .            h - +2 pair of boots
Will    ++++.        L - amulet of faith
Stlth   ++           Q - ring of poison resistance
HPRegen 0.33/turn    O - ring of Atheism {rElec Will+++ rCorr Str-3 Int+6}
MPRegen 0.24/turn

%: faith
@: swift (expiring), hasted, studying Short Blades, quick
A: no striking features
a: Renounce Religion


You were on level 1 of the Swamp.
You worshipped Vehumet.
Vehumet was extremely pleased with you.
You visited 4 branches of the dungeon, and saw 20 of its levels.
You also visited: Sewer and Ice Cave.

You collected 1380 gold pieces.
You spent 624 gold pieces at shops.

Inventory:

Hand Weapons
 t - the +5 trident of Laovviut (weapon) {elec, Str+3}
   (You found it on level 5 of the Lair of Beasts)

   Str+3:     It affects your strength (+3).
Armour
 a - a +0 robe
 c - +0 steam dragon scales
 d - a +0 pair of gloves (worn)
 h - a +2 pair of boots (worn)
 j - a +1 cloak of cold resistance (worn)
 n - a +3 buckler (worn)
 C - a +0 helmet (worn)
 F - +0 acid dragon scales (worn)
 W - a +0 kite shield of cold resistance
Magical Staves
 v - a staff of cold
 Y - a staff of death
Jewellery
 q - a ring of wizardry
 D - a ring of protection from cold
 K - a ring of positive energy
 L - an amulet of faith (around neck)
 N - a ring of willpower
 O - the ring of Atheism (right hand) {rElec Will+++ rCorr Str-3 Int+6}
   (You acquired it on level 11 of the Dungeon)

   [ring of intelligence]

   Str-3:     It affects your strength (-3).
   Int+6:     It affects your intelligence (+6).
   rElec:     It insulates you from electricity.
   Will+++:   It greatly increases your willpower.
   rCorr:     It protects you from acid and corrosion.
 Q - a ring of poison resistance (left hand)
 R - a ring of fire
 S - an amulet of the acrobat
 U - a +6 ring of dexterity
 X - a ring of ice
Wands
 y - a wand of paralysis (22)
Scrolls
 e - 7 scrolls of poison
 g - a scroll of silence
 k - 3 scrolls of enchant armour
 m - 4 scrolls of blinking
 o - 4 scrolls of immolation
 r - 4 scrolls of vulnerability
 s - 3 scrolls of summoning
 u - 3 scrolls of teleportation
 w - 3 scrolls of fear
 x - a scroll of torment
 G - 2 scrolls of fog
 J - a scroll of brand weapon
 M - a scroll of enchant weapon
 P - 2 scrolls of amnesia
Potions
 b - a potion of magic
 f - 7 potions of haste
 i - 3 potions of lignification
 l - 12 potions of curing
 p - 3 potions of invisibility
 z - 6 potions of mutation
 A - a potion of berserk rage
 B - 2 potions of degeneration
 E - 3 potions of attraction
 H - 2 potions of heal wounds
 I - a potion of cancellation {unknown}
 T - a potion of resistance {unknown}
 Z - a potion of might
Miscellaneous
 V - a tin of tremorstones (2/2)


   Skills:
 + Level 7.3 Fighting
 - Level 1.0 Short Blades
 - Level 5.0 Armour
 - Level 8.0 Dodging
 - Level 8.0 Stealth
 - Level 8.0 Shields
 + Level 15.9 Spellcasting
 * Level 13.6 Conjurations
 - Level 6.0 Hexes
 - Level 5.0 Translocations
 - Level 5.0 Ice Magic
 - Level 5.0 Air Magic
 - Level 4.0 Earth Magic


You had 10 spell levels left.
You knew the following spells:

 Your Spells              Type           Power      Damage    Failure   Level
a - Stone Arrow           Conj/Erth      100%       3d13      1%          3
b - Orb of Destruction    Conj           43%        9d12      4%          7
c - Freezing Cloud        Conj/Ice/Air   33%        6-21      1%          5
d - Iskenderun's Mystic   Conj/Tloc      73%        2d15      1%          4
e - Searing Ray           Conj           100%       2d8       1%          2
f - Iskenderun's Battles  Conj           86%        2d13      1%          5
g - Fulminant Prism       Conj/Hex       37%        3d17      1%          4
h - Magic Dart            Conj           100%       1d8       0%          1
i - Swiftness             Air            56%        N/A       1%          3

Your spell library contained the following spells:

 Spells                   Type           Power      Damage    Failure   Level
 Yara's Violent Unravell  Hex/Tmut       23%        3d10      10%         5
 Shock                    Conj/Air       100%       1d9       1%          1
 Static Discharge         Conj/Air       100%       2-7/arc   1%          2
 Dazzling Flash           Conj/Hex       100%       N/A       1%          3
 Airstrike                Air            28%        2d(4-20)  1%          4
 Summon Guardian Golem    Hex/Summ       46%        N/A       3%          3
 Summon Small Mammal      Summ           100%       N/A       4%          1
 Call Canine Familiar     Summ           26%        N/A       13%         3
 Summon Lightning Spire   Summ/Air       42%        N/A       16%         4
 Summon Mana Viper        Hex/Summ       46%        N/A       34%         5
 Summon Forest            Summ/Tloc      21%        N/A       41%         5
 Summon Cactus Giant      Summ           13%        N/A       100%        6


Dungeon Overview and Level Annotations

Branches:
Dungeon (13/15)            Temple (1/1) D:6            Lair (5/5) D:9
  Swamp (1/4) Lair:2       Spider (0/4) Lair:3        Slime (0/5) Lair:4
  Sewer (visited)           IceCv (visited)
    Orc: D:9-12      Vaults: D:13-14

Altars:
Ashenzari
Cheibriados
Dithmenos
Elyvilon
Fedhas
Gozag
Hepliaklqana
Kikubaaqudgha
Makhleb
Nemelex Xobeh
Okawaru
Qazlal
Ru
Sif Muna
Trog
Uskayaw
Vehumet
Wu Jian
Xom
Yredelemnul
Zin
The Shining One
Jiyva

Shops:
D:7 [   D:11 ?

Annotations:
D:11 1 runed translucent door
D:12 Azrael
D:13 exclusions: centaur warrior and vault guard


Message History

The spriggan rider barely misses you.
The spriggan rider throws a stone.
The stone hits you but does no damage.
The spriggan rider hits you but does no damage.
The spriggan rider throws a stone.
You block the stone.
Casting: Stone Arrow (safe; 1% risk of failure)
Confirm with . or Enter, or press ? or * to list all spells.
You feel quick. The spriggan rider misses you.
The spriggan rider throws a stone.
You block the stone.
You enter the shallow water.
Moving in this stuff is going to be slow.
You block the spriggan rider's attack.
You enter the shallow water.
Moving in this stuff is going to be slow.
The spriggan rider attacks as it pursues you!
The spriggan rider hits you from afar with a +0 spear!
You block the spriggan rider's attack.
The spriggan rider attacks as it pursues you!
The spriggan rider hits you but does no damage.
You block the spriggan rider's attack. You block the spriggan rider's attack.
The spriggan rider throws a stone.
The stone hits you.
The spriggan rider hits you from afar with a +0 spear!!
The spriggan rider throws a stone.
The stone hits you!
* * * LOW HITPOINT WARNING * * *
Okay, then.
You feel much better.
The spriggan rider hits you from afar with a +0 spear!
You enter the shallow water.
Moving in this stuff is going to be slow.
You start to feel a little slower.
The spriggan rider attacks as it pursues you!
The spriggan rider hits you from afar with a +0 spear!
* * * LOW HITPOINT WARNING * * *
The spriggan rider throws a stone.
The stone hits you!
* * * LOW HITPOINT WARNING * * *
You block the spriggan rider's attack.
You feel yourself speed up.
The spriggan rider hits you but does no damage.
The spriggan rider hits you from afar with a +0 spear!!
You die...

~.~..~~~~~~~~....♣~~~..~~~..
~~.~...§~~~~~~~~~~.~~.~.~~.~♣
.....~~~..~~~~~~~..~~~.♣~.♣♣♣
....~~~~...~~~....~~~.♣♣♣♣~.
...♣.~~~~~~~§...~~~~......~~
.~♣♣♣...~~~~~~~§§~~~~.~~..~~
♣♣♣♣♣~.ii~~~~§..~..~~.~~
♣♣♣~~~~~...♣♣♣.~.♣~.
♣@...../♣♣ ♣..~♣~.
♣♣♣♣♣[.♣♣♣♣♣♣ ♣...~♣~
♣.~~~.♣♣ ♣..~♣♣♣ ♣.~~~..♣♣
♣♣~~♣ ♣ ♣♣.~~~~§♣ ♣♣.~
♣♣.~~~<♣ ♣♣♣♣ ♣....~♣ ♣♣~♣♣♣♣
♣♣♣


You could see 2 spriggan riders.

Vanquished Creatures
  A fenstrider witch (Swamp:1)
  An eleionoma (Swamp:1)
  Erolcha (D:12)
  3 hydras
  A catoblepas (Lair:5)
  A merfolk avatar (Lair:5)
  A two-headed ogre (D:9)
  2 alligators (Swamp:1)
  3 death yaks
  2 skysharks (Lair:5)
  4 bog bodies
  A swamp dragon (Swamp:1)
  A spriggan druid (Swamp:1)
  A deep elf pyromancer (D:13)
  A harpy (Lair:5)
  A cyclops (D:12)
  3 manticores
  5 black mambas
  The ghost of Vontreibholz the Cudgeller, a novice MiFi of Okawaru (D:5)
  15 cane toads
  13 elephants
  4 kobold demonologists
  An ice statue (IceCv)
  An unseen horror (D:12)
  3 rime drakes
  12 komodo dragons
  A troll (D:10)
  A hornet (Lair:5)
  3 polar bears
  A tarantella (Lair:3)
  2 tyrant leeches (Swamp:1)
  A wind drake (Lair:5)
  3 snapping turtles (Lair:5)
  2 blink frogs (Lair:5)
  Sigmund (D:5)
  9 wyverns
  A shadow (D:11)
  A vampire (D:9)
  44 yaks
  2 dire elephant simulacra (IceCv)
  10 wraiths
  5 basilisks
  4 steam dragons
  16 vampire mosquitoes
  Menkaure (D:5)
  3 death yak simulacra (IceCv)
  A swamp worm (Swamp:1)
  A harpy simulacrum (IceCv)
  3 acid dragons
  9 water moccasins
  A hydra simulacrum (IceCv)
  An ice beast (D:7)
  A black bear (D:6)
  5 orc warriors
  3 sky beasts
  3 ogres
  14 wolves
  4 centaurs
  A phantom (D:4)
  5 kobold brigands
  10 bullfrogs
  3 cane toad simulacra (IceCv)
  3 scorpions
  14 wights
  4 two-headed ogre simulacra (IceCv)
  7 killer bees
  An elephant simulacrum (IceCv)
  3 electric eels
  6 howler monkeys
  4 hounds
  Crazy Yiuf (D:5)
  2 orc priests
  A gnoll bouda (D:7)
  A hell rat (Sewer)
  9 iguanas
  6 orc wizards
  7 spriggan simulacra (IceCv)
  4 polar bear simulacra (IceCv)
  2 wolf simulacra (IceCv)
  6 troll simulacra (IceCv)
  5 gnolls
  13 adders
  5 naga simulacra (IceCv)
  A river rat (D:5)
  3 white imps
  8 ufetubi
  A worm (D:2)
  2 dart slugs (D:1)
  37 orcs
  4 endoplasms
  6 giant cockroaches
  11 goblins
  4 hobgoblins
  8 jackals
  4 quokkas
  5 ball pythons
  18 bats
  5 frilled lizards
  23 kobolds
  12 rats
515 creatures vanquished.

Vanquished Creatures (others)
  83 fulminant prisms
83 creatures vanquished.

Grand Total: 598 creatures vanquished

Notes
Turn   | Place    | Note
-------+----------+-------------------------------------------
     0 | D:1      | EiAlmux the Deep Elf Conjurer began the quest for the Orb.
     0 | D:1      | Reached XP level 1. HP: 10/10 MP: 6/6
   166 | D:1      | Reached XP level 2. HP: 16/16 MP: 5/8
   201 | D:1      | Reached skill level 1 in Fighting
   234 | D:1      | Learned a level 2 spell: Searing Ray
   776 | D:2      | Reached XP level 3. HP: 20/20 MP: 6/10
  1417 | D:2      | Reached skill level 4 in Spellcasting
  1417 | D:2      | Reached XP level 4. HP: 26/26 MP: 9/12
  1748 | D:2      | Reached skill level 5 in Conjurations
  1748 | D:2      | Reached skill level 1 in Hexes
  2780 | D:3      | Reached XP level 5. HP: 30/30 MP: 9/13
  2839 | D:3      | Found a snail-covered altar of Cheibriados.
  2841 | D:3      | Found a basalt altar of Yredelemnul.
  2842 | D:3      | Found an opulent altar of Gozag.
  3461 | D:4      | Noticed a phantom
  3851 | D:4      | Found a sacrificial altar of Ru.
  4070 | D:5      | Entered Level 5 of the Dungeon
  4091 | D:5      | Noticed a water moccasin
  4099 | D:5      | Killed a water moccasin
  4100 | D:5      | Reached skill level 5 in Spellcasting
  4100 | D:5      | Reached XP level 6. HP: 24/35 MP: 5/15
  4138 | D:5      | Noticed a water moccasin
  4223 | D:5      | Found a glowing drain.
  4227 | Sewer    | Entered a sewer
  4571 | D:5      | Noticed a steam dragon
  4669 | D:5      | Reached XP level 7. HP: 40/40 MP: 9/17
  4915 | D:5      | Noticed Menkaure
  5284 | D:6      | Noticed a steam dragon
  5305 | D:5      | Reached skill level 5 in Stealth
  5458 | D:5      | Noticed Sigmund
  5487 | D:5      | Reached skill level 6 in Spellcasting
  5492 | D:5      | Killed Sigmund
  6275 | D:5      | Learned a level 4 spell: Fulminant Prism
  6389 | D:4      | Reached skill level 1 in Short Blades
  6389 | D:4      | Reached XP level 8. HP: 41/44 MP: 11/19
  6440 | D:5      | Reached skill level 1 in Shields
  6440 | D:5      | Reached skill level 1 in Translocations
  6595 | D:6      | Reached skill level 7 in Spellcasting
  6600 | D:6      | Learned a level 4 spell: Iskenderun's Mystic Blast
  6744 | D:6      | Reached skill level 8 in Spellcasting
  6891 | D:6      | Found a staircase to the Ecumenical Temple.
  6966 | Temple   | Entered the Ecumenical Temple
  6975 | Temple   | Became a worshipper of Vehumet
  7121 | D:6      | Reached skill level 1 in Armour
  7267 | D:6      | Found a broken altar of Ashenzari.
  7669 | D:7      | You fall into a shaft and drop 1 floor!
  7816 | D:7      | Reached XP level 9. HP: 28/48 MP: 18/23
  7987 | D:7      | Found an iron altar of Okawaru.
  8009 | D:8      | Reached skill level 9 in Spellcasting
  8115 | D:7      | Reached * piety under Vehumet
  8115 | D:7      | Offered knowledge of Shock by Vehumet.
  8306 | D:7      | Found Wuomyfak's Antique Armour Boutique.
  9188 | D:8      | Reached skill level 10 in Spellcasting
  9394 | D:8      | Reached ** piety under Vehumet
  9394 | D:8      | Offered knowledge of Kiss of Death by Vehumet.
 10353 | D:9      | Found a shadowy altar of Dithmenos.
 10368 | D:9      | Reached XP level 10. HP: 48/54 MP: 23/26
 10385 | D:9      | Offered knowledge of Ignite Poison by Vehumet.
 10572 | D:9      | Reached skill level 5 in Dodging
 10742 | D:9      | Found a bloodstained altar of Trog.
 10844 | D:9      | Found a stormy altar of Qazlal.
 10845 | D:9      | Found a sparkling altar of Nemelex Xobeh.
 11008 | D:9      | Noticed a two-headed ogre
 11140 | D:9      | Noticed a sun demon
 11141 | D:10     | Entered Level 10 of the Dungeon
 11327 | D:10     | Reached *** piety under Vehumet
 11533 | D:9      | Noticed a smoke demon
 11779 | D:10     | Reached skill level 5 in Shields
 11907 | D:10     | Reached skill level 10 in Conjurations
 11938 | D:10     | Noticed a manticore
 12031 | D:10     | Killed a manticore
 12032 | D:10     | Reached skill level 11 in Spellcasting
 12335 | D:10     | Found a glowing golden altar of the Shining One.
 12593 | D:10     | Reached XP level 11. HP: 59/62 MP: 18/28
 13110 | D:11     | Offered knowledge of Stone Arrow by Vehumet.
 13115 | D:11     | Learned a level 3 spell: Stone Arrow
 13430 | D:11     | Found a glowing golden altar of the Shining One.
 13448 | D:11     | Reached skill level 1 in Earth Magic
 13567 | D:11     | Found an ornate altar of the Wu Jian Council.
 13570 | D:11     | Found a runed translucent door.
 13573 | D:11     | Found a stormy altar of Qazlal.
 13578 | D:11     | Found a basalt altar of Yredelemnul.
 13588 | D:11     | Noticed a flayed ghost
 13606 | D:11     | Found a shimmering altar of Xom.
 13624 | D:11     | Found a bloodstained altar of Trog.
 13701 | D:11     | Found Faik's Magic Scroll Emporium.
 14032 | D:11     | Bought a scroll of acquirement for 624 gold pieces
 14032 | D:11     | Acquired the ring of Atheism {rElec Will+++ rCorr Str-3
                  | Int+6}
 14241 | D:4      | Reached **** piety under Vehumet
 14312 | D:5      | Reached skill level 5 in Fighting
 14382 | D:5      | Killed Menkaure
 14444 | D:5      | Found a runed translucent door.
 14448 | D:5      | Noticed Vontreibholz's ghost (novice MiFi)
 14466 | D:5      | Killed Vontreibholz's ghost
 14467 | D:5      | Reached skill level 5 in Hexes
 14614 | D:5      | Found a runed translucent door.
 14695 | D:5      | Noticed Crazy Yiuf
 14700 | D:5      | Killed Crazy Yiuf
 14981 | D:9      | Offered knowledge of Iskenderun's Battlesphere by Vehumet.
 15003 | D:9      | Found a staircase to the Lair.
 15016 | D:9      | Learned a level 5 spell: Iskenderun's Battlesphere
 15573 | D:9      | Killed a two-headed ogre
 15970 | D:12     | Reached skill level 12 in Spellcasting
 16163 | D:12     | Noticed Erolcha
 16244 | D:12     | Reached skill level 5 in Translocations
 16347 | D:12     | Reached XP level 12. HP: 68/68 MP: 28/30
 16370 | D:13     | Noticed a vault guard
 16413 | D:13     | Found a frozen archway.
 16422 | IceCv    | Entered an ice cave
 16600 | IceCv    | Reached ***** piety under Vehumet
 16610 | IceCv    | Offered knowledge of Freezing Cloud by Vehumet.
 17083 | IceCv    | Reached skill level 1 in Ice Magic
 17083 | IceCv    | Reached skill level 1 in Air Magic
 17595 | IceCv    | Learned a level 5 spell: Freezing Cloud
 17747 | IceCv    | Identified the +5 spear of the Old World {flame, rF+}
 17817 | D:13     | Noticed a centaur warrior
 17895 | D:12     | Killed Erolcha
 17989 | D:12     | Reached skill level 13 in Spellcasting
 18071 | D:12     | Noticed Azrael
 18204 | Lair:1   | Entered Level 1 of the Lair of Beasts
 19415 | Lair:2   | Reached skill level 14 in Spellcasting
 19603 | Lair:2   | Found a staircase to the Swamp.
 20056 | Lair:2   | Reached XP level 13. HP: 72/72 MP: 22/33
 20660 | Lair:3   | Found a hole to the Spider Nest.
 21041 | Lair:3   | Offered knowledge of Orb of Destruction by Vehumet.
 21050 | Lair:3   | Learned a level 7 spell: Orb of Destruction
 21306 | Lair:3   | Found a shimmering blue altar of Sif Muna.
 21470 | Lair:4   | Learned a level 3 spell: Swiftness
 22364 | Lair:4   | Found a viscous altar of Jiyva.
 22364 | Lair:4   | Found a staircase to the Slime Pits.
 22522 | Lair:4   | Reached skill level 5 in Armour
 22569 | Lair:5   | Entered Level 5 of the Lair of Beasts
 22574 | Lair:5   | Reached skill level 5 in Ice Magic
 22583 | Lair:5   | Reached skill level 5 in Air Magic
 24009 | Lair:5   | Reached skill level 15 in Spellcasting
 24682 | Lair:5   | Reached XP level 14. HP: 80/80 MP: 21/35
 25063 | Lair:5   | Found the +3 giant club "Skullcrusher" {speed, Str+7}
 25128 | Lair:5   | Identified the +5 trident of Laovviut {elec, Str+3}
 25569 | Swamp:1  | Entered Level 1 of the Swamp
 25582 | Swamp:1  | Noticed a fenstrider witch
 25585 | Swamp:1  | Killed a fenstrider witch
 25696 | Swamp:1  | Offered knowledge of Yara's Violent Unravelling by Vehumet.
 26278 | Swamp:1  | Mangled by a spriggan rider

Illustrated notes

Levels and vault maps discovered:
D:1:      orjb1_lava_funnel, layout_basic, st_stairs_11
D:2:      layout_loops_ring
D:3:      layout_basic, minitemple
D:4:      layout_loops_ring, kennysheep_little_box
D:5:      layout_basic, ebering_ghost_sewer_d, gup_sewer_entry_spiral,
          uniq_menkaure, uniq_crazy_yiuf_cottage, uniq_sigmund
D:6:      layout_rooms, mainiacjoe_overflow_alcove_2, temple_pool_b
D:7:      layout_loops_cross, mainiacjoe_overflow_small_starburst,
          enter_bailey_3, serial_shops, nicolae_shop_tiny_waterfront
D:8:      layout_loops_ring, grunt_ministairs_10, lightli_minifort
D:9:      layout_rooms, mainiacjoe_overflow_boulevard, trog_butcher_becter,
          jmf_multi_god_temple, minmay_lair_entry_grove, serial_glass,
          glass_columns_c, glass_columns_a
D:10:     layout_long_grid, nicolae_overflow_crystal_walls, minmay_diced_spiral
D:11:     due_megacathedral, layout_irregular_city, serial_shops, shop,
          reono_crystal_passage
D:12:     layout_roguey, david_orc_4, uniq_azrael, uniq_erolcha
D:13:     layout_big_octagon, hellmonk_vaults_order_and_chaos,
          portal_ice_cave_entry_pillars_1, guppyfry_shop_blood
Temple:   hellmonk_temple_of_storms
Lair:1:   hellmonk_ruined_rings, layout_misc_corridors, minivault_27
Lair:2:   layout_layer_cave, minmay_swamp_entry_eels, serial_bayou_pond_d,
          lemuel_fruit_fields
Lair:3:   layout_gridlike, spider_nest_entry_rubble, basic_altar
Lair:4:   layout_small_grid, dpeg_slime_entry_enclosed,
          grunt_forest_large_clearings
Lair:5:   gammafunk_lair_ancient_temple, layout_long_grid
Swamp:1:  layout_basic_swamp, nicolae_swamp_round_clearing

Skill      XL: |  1  2  3  4  5  6  7  8  9 10 11 12 13 14 |
---------------+-------------------------------------------+-----
Fighting       | 1 2 4 5 6 7 |  7.3
Spellcasting   | 4 5 6 8 10 11 12 14 15 | 15.9
Conjurations   | 5 7 8 9 10 12 13 | 13.6
Hexes          | 1 2 3 4 6 |  6.0
Dodging        | 3 4 7 8 |  8.0
Stealth        | 3 4 5 6 8 |  8.0
Short Blades   | 1 |  1.0
Shields        | 2 4 5 6 7 8 |  8.0
Translocations | 2 5 |  5.0
Armour         | 2 4 5 |  5.0
Earth Magic    | 4 |  4.0
Ice Magic      | 3 5 |  5.0
Air Magic      | 3 5 |  5.0

Action                     |  1- 3 |  4- 6 |  7- 9 | 10-12 | 13-15 || total
---------------------------+-------+-------+-------+-------+-------++-------
  Melee: Dagger            |       |     2 |       |    39 |       ||    41
         Punch             |       |     1 |       |       |       ||     1
         Short sword       |       |       |     5 |       |       ||     5
         Staff             |       |       |       |     3 |     4 ||     7
         Trident           |       |       |       |       |     2 ||     2
   Cast: Magic Dart        |    74 |    95 |   137 |   117 |    38 ||   461
         Searing Ray       |     1 |    12 |    42 |    31 |       ||    86
         Fulminant Prism   |       |       |    23 |    61 |       ||    84
         Iskenderun's Myst |       |       |     5 |    49 |    19 ||    73
         Stone Arrow       |       |       |       |   206 |   145 ||   351
         Iskenderun's Batt |       |       |       |     1 |     1 ||     2
         Freezing Cloud    |       |       |       |       |    20 ||    20
         Orb of Destructio |       |       |       |       |    46 ||    46
         Swiftness         |       |       |       |       |     1 ||     1
    Use: Scroll            |       |    13 |     3 |    13 |     5 ||    34
         Potion            |       |       |     1 |       |     4 ||     5
 Armour: Robe              |       |    10 |    54 |    44 |       ||   108
         Acid dragon scale |       |       |       |    52 |    69 ||   121
  Dodge: Dodged            |     3 |    11 |    57 |    79 |    35 ||   185
  Block: Buckler           |       |       |    15 |    79 |    34 ||   128

Table legend: (Time is in decaauts)
 A = Elapsed time spent in this place.
 B = Non-inter-level travel time spent in this place.
 C = Inter-level travel time spent in this place.
 D = Time resting spent in this place.
 E = Time spent auto-exploring this place.
 F = Levels seen in this place.
 G = Mean time per level.
                   A        B        C        D        E       F      G
               +--------+--------+--------+--------+--------+-----+--------+
         Total |  26489 |  24551 |   1938 |   4178 |  16593 |  22 | 1204.0 |
       Dungeon |  16760 |  15076 |   1684 |   2314 |  10288 |  13 | 1289.2 |
        Temple |     18 |      2 |     16 |      0 |      0 |   1 |   18.0 |
          Lair |   7397 |   7160 |    237 |   1321 |   4962 |   5 | 1479.4 |
         Swamp |    737 |    737 |      0 |    296 |    268 |   1 |  737.0 |
         Sewer |    212 |    212 |      0 |      0 |    177 |   1 |  212.0 |
      Ice Cave |   1362 |   1362 |      0 |    247 |    896 |   1 | 1362.0 |
               +--------+--------+--------+--------+--------+-----+--------+

Top non-repeatable levels by time:
     D:5: 2410 daAuts
  Lair:4: 2219 daAuts
     D:8: 2047 daAuts
  Lair:5: 2001 daAuts
    D:10: 1696 daAuts
     D:9: 1628 daAuts
  Lair:2: 1527 daAuts
    D:11: 1392 daAuts
   IceCv: 1362 daAuts
     D:4: 1360 daAuts
     D:6: 1208 daAuts
     D:2: 1206 daAuts
     D:3: 1083 daAuts
     D:7: 899 daAuts
    D:12: 875 daAuts
